 Dungeon Crawl Stone Soup version 0.28.0-53-g5a82cb258f (webtiles) character file.

Game seed: 18255032494362933776

34200 Peloso the Blocker (level 13, -2/116 HPs)
             Began as a Minotaur Fighter on May 31, 2022.
             Was the Champion of Okawaru.
             Killed from afar by an ancient lich (9 damage)
             ... with a bolt of acid
             ... while petrified by an ancient lich
             ... on level 2 of the Abyss.
             The game lasted 00:34:12 (19631 turns).

Peloso the Blocker (Minotaur Fighter)              Turns: 19631, Time: 00:34:13

Health: -2/116     AC: 24    Str: 23    XL:     13   Next: 40%
Magic:  13/13      EV:  2    Int:  5    God:    Okawaru [******]
Gold:   698        SH:  0    Dex: 19    Spells: 12/12 levels left

rFire   x . .      SeeInvis +   N - +11 scimitar "Spiderbane" {vorpal, Fly Will- SInv}
rCold   + + .      Faith    .   e - +0 kite shield
rNeg    + + +      Spirit   .   h - +0 crystal plate armour {rC+}
rPois   ∞          Reflect  .   (helmet restricted)
rElec   .          Harm     .   y - +0 cloak
rCorr   .          Rampage  .   f - +0 pair of gloves
Will    .....                   (no boots)
Stlth   ..........              (no amulet)
HPRegen 0.29/turn               L - ring of ice
MPRegen 0.13/turn               u - +6 ring of dexterity

@: petrified, flying
A: horns 2, retaliatory headbutt
a: Renounce Religion, Heroism, Finesse, Duel


You were on level 2 of the Abyss.
You worshipped Okawaru.
Okawaru was exalted by your worship.
You visited 3 branches of the dungeon, and saw 16 of its levels.
You visited the Abyss 1 time.
You also visited: Bailey and Ice Cave.

You collected 1322 gold pieces.
You spent 624 gold pieces at shops.

Inventory:

Hand Weapons
 a - the +7 long sword of Balance {protect, Int+10}
   (You bought it in a shop on level 9 of the Dungeon)

   It grants its wielder temporary protection when it strikes (+7 to AC).
   Int:       It affects your intelligence (+10).
 b - a +1 short sword of flaming
 c - the +9 mace "Niorexus" {freeze, +Blink Dex-3 SInv}
   (You found it on level 4 of the Dungeon)

   It freezes those it strikes, dealing additional cold damage.
   It can also slow down cold-blooded creatures.
   Dex:       It affects your dexterity (-3).
   SInv:      It lets you see invisible.
   +Blink:    It lets you blink.
 w - a +0 demon trident of freezing
 N - the +11 scimitar "Spiderbane" (weapon) {vorpal, Fly Will- SInv}
   (You bought it in a shop on level 9 of the Dungeon)

   It inflicts extra damage upon your enemies.
   SInv:      It lets you see invisible.
   Fly:       It grants you flight.
   Will:      It decreases your willpower.
 T - the +4 hand crossbow of Corruption {elec, rC++}
   (Okawaru gifted it to you on level 3 of the Lair of Beasts)

   Any ammunition fired from it occasionally discharges a powerful burst of
   electricity upon striking a foe.
   rC:        It greatly protects you from cold.
Missiles
 G - 3 throwing nets (quivered)
Armour
 e - a +0 kite shield (worn)
 f - a +0 pair of gloves (worn)
 h - a +0 crystal plate armour of cold resistance (worn)
 y - a +0 cloak (worn)
 J - a +0 crystal plate armour
 O - the +4 ring mail of the Eternal Void {rElec Str+3 Dex+4}
   (You found it in an ice cave)

   Str:       It affects your strength (+3).
   Dex:       It affects your dexterity (+4).
   rElec:     It insulates you from electricity.
Jewellery
 j - a +4 ring of protection
 l - an amulet of faith
 u - a +6 ring of dexterity (right hand)
 v - a +6 ring of strength
 F - a +4 ring of slaying
 L - a ring of ice (left hand)
 P - a ring of ice
 Q - a +6 ring of dexterity
 S - a +4 ring of evasion
Wands
 g - a wand of iceblast (8)
 p - a wand of flame (68)
 r - a wand of polymorph (5)
 C - a wand of digging (5)
 E - a wand of paralysis (3)
Scrolls
 i - 2 scrolls of blinking
 n - 3 scrolls of noise
 q - 3 scrolls of fear
 t - 2 scrolls of enchant weapon
 x - a scroll of brand weapon
 H - a scroll of enchant armour {unknown}
 M - a scroll of silence
 R - a scroll of amnesia
Potions
 d - a potion of might
 k - 2 potions of experience
 o - 4 potions of ambrosia
 s - a potion of magic
 z - 4 potions of haste
 A - 3 potions of mutation
 B - a potion of brilliance
 D - 3 potions of curing
 I - 3 potions of flight {unknown}
 K - a potion of berserk rage {unknown}


   Skills:
 + Level 11.5 Fighting
 + Level 1.6(7.6) Short Blades
 + Level 12.7 Long Blades
 + Level 11.9 Maces & Flails
 + Level 12.3 Armour
 + Level 3.6 Dodging
 + Level 1.2 Stealth
 + Level 14.2 Shields
 + Level 1.8 Invocations
 + Level 0.2 Evocations


You had 12 spell levels left.
You didn't know any spells.
Your spell library contained the following spells:

 Spells                   Type           Power      Damage    Failure   Level
 Beastly Appendage        Tmut           0%         N/A       100%        1
 Corpse Rot               Necr/Air       0%         N/A       100%        2
 Scorch                   Fire           0%         2d5       100%        2
 Wereblood                Tmut           0%         N/A       100%        2
 Gell's Gravitas          Tloc           0%         N/A       100%        3
 Lesser Beckoning         Tloc           0%         N/A       100%        3
 Spider Form              Tmut/Pois      0%         N/A       100%        3
 Teleport Other           Tloc           0%         N/A       100%        3
 Dispel Undead            Necr           0%         3d6       100%        4
 Flame Wave               Conj/Fire      0%         2d4       100%        4
 Death Channel            Necr           Unusable   N/A       N/A         6
 Summon Cactus Giant      Summ           Unusable   N/A       N/A         6

Dungeon Overview and Level Annotations

Branches:
Dungeon (12/15)            Temple (1/1) D:5            Lair (3/6) D:9
    Orc (0/2) D:10         Bailey (visited)           IceCv (visited)
  Swamp: Lair:2-4    Shoals: Lair:2-4     Snake: Lair:2-4    Spider: Lair:2-4

Altars:
Dithmenos
Fedhas
Gozag
Hepliaklqana
Kikubaaqudgha
Makhleb
Nemelex Xobeh
Okawaru
Sif Muna
Vehumet
Wu Jian
Yredelemnul
Zin
The Shining One

Shops:
D:9 *=(   D:11 !

Annotations:
D:11 2 runed translucent doors
D:12 Psyche, Sonja


Innate Abilities, Weirdness & Mutations

You have a pair of horns on your head.
You reflexively headbutt those who attack you in melee.


Message History

A quasit is nearby!
A quasit is nearby!
A quasit is nearby!
The quasit gives a chilling moan.
You closely miss the quasit. Your headbutt misses the quasit.
The quasit closely misses you. You furiously retaliate!
You headbutt the quasit! You block the quasit's attack. x2
You hit the quasit.
You kill the quasit!
That felt strangely unrewarding.
A small abomination comes into view.
A small abomination is nearby!
A small abomination is nearby!
An ancient lich comes into view.
The ancient lich shouts!
The ancient lich points at you and mumbles some strange words.
You are slowing down.
The small abomination hits you.
You block the small abomination's attack.
Your limbs are stiffening.
Unknown command.
You barely miss the small abomination.
You block the small abomination's attack.
The small abomination hits you.
You have turned to stone.
The small abomination hits you! The small abomination hits you.
The small abomination hits you but does no damage.
The small abomination hits you!
The small abomination hits you but does no damage.
The smoke demon gestures at you. Something smites you!
The small abomination hits you but does no damage. x2
The ancient lich casts a spell at you. The bolt of acid hits you!!!
* * * LOW HITPOINT WARNING * * *
The small abomination hits you.
* * * LOW HITPOINT WARNING * * *
The small abomination hits you but does no damage. x2
The ancient lich points at you and mumbles some strange words.
The bolt of acid hits you!!
You die...

# # ... ##.##
... #.# #.
#.####.##
#.......####.#
#..##........# #
#.#@..#..# . #
##.....L#x#.....
. .
........3......
.
##......#.#..###
.......#...#..#
#.#... .. .... #
#.##.. ### ### #
... . . . # # .


You could see an ancient lich, a smoke demon and a small abomination.

Vanquished Creatures
  Harold (D:8)
  2 hydras
  A rakshasa (D:11)
  2 boulder beetles (D:11)
  3 two-headed ogres
  2 ironbound frosthearts (IceCv)
  3 death yaks (IceCv)
  Urug (Lair:3)
  Pikel (D:5)
  An ugly thing (D:11)
  2 cyclopes (D:11)
  An ice statue (IceCv)
  3 centaur zombies
  Joseph (D:7)
  An orange demon (Abyss:2)
  A gargoyle (D:8)
  2 cane toads (Lair:3)
  3 komodo dragons
  11 polar bears
  A shadow (D:11)
  A wraith (D:11)
  48 yaks
  A wyvern (Lair:3)
  Grum (D:8)
  4 basilisks
  Menkaure (D:5)
  2 steam dragons
  3 vampire mosquitoes (D:11)
  2 acid dragons
  7 water moccasins
  A black bear (Lair:1)
  18 orc warriors
  An ice beast (D:7)
  A necrophage (D:7)
  17 centaurs
  4 ogres
  24 wolves
  2 lemures (D:5)
  A kobold brigand (D:8)
  8 bullfrogs
  2 wyvern zombies
  A gnoll sergeant (D:5)
  3 scorpions
  A water moccasin zombie (D:6)
  A water moccasin skeleton (D:5)
  17 killer bees
  3 howler monkeys (D:11)
  An electric eel (D:9)
  A bullfrog zombie (D:5)
  A quasit (Abyss:2)
  2 jellies (D:7)
  Crazy Yiuf (D:4)
  A gnoll shaman (D:6)
  7 orc priests
  A hound (D:4)
  4 iguanas
  9 orc wizards
  7 hell rats (Lair:3)
  A killer bee zombie (D:7)
  A howler monkey zombie (D:9)
  An adder (D:3)
  A howler monkey skeleton (D:4)
  9 gnolls
  A shadow imp (D:5)
  8 white imps
  An ufetubus (D:5)
  2 worms
  2 dart slugs
  70 orcs
  4 endoplasms
  2 giant cockroaches (D:2)
  13 goblins
  6 hobgoblins
  7 kobolds
  2 quokkas (D:2)
  A ball python (D:2)
  5 bats
  5 frilled lizards
  4 rats
399 creatures vanquished.

Vanquished Creatures (others)
  An orc wizard (D:4)
  2 orcs (Bailey)
  5 fungi
  23 plants
31 creatures vanquished.

Grand Total: 430 creatures vanquished

Notes
Turn   | Place    | Note
-------+----------+-------------------------------------------
     0 | D:1      | Peloso the Minotaur Fighter began the quest for the Orb.
     0 | D:1      | Reached XP level 1. HP: 19/19 MP: 0/0
   335 | D:1      | Reached XP level 2. HP: 27/27 MP: 1/1
   391 | D:1      | Found a faded altar of an unknown god.
  1085 | D:2      | Reached XP level 3. HP: 31/33 MP: 2/2
  1176 | D:2      | Reached skill level 4 in Shields
  1898 | D:3      | Reached skill level 1 in Dodging
  1898 | D:3      | Reached XP level 4. HP: 28/40 MP: 3/3
  3117 | D:4      | Reached skill level 5 in Armour
  3124 | D:4      | Reached XP level 5. HP: 18/46 MP: 4/4
  3399 | D:4      | HP: 2/47 [orc wizard/+1 dagger of venom (1)]
  3718 | D:4      | Reached XP level 6. HP: 53/53 MP: 5/5
  4071 | D:4      | Found a runed translucent door.
  4072 | D:4      | Noticed Crazy Yiuf
  4074 | D:4      | Identified the +9 mace "Niorexus" {freeze, +Blink Dex-3
                  | SInv}
  4125 | D:5      | Entered Level 5 of the Dungeon
  4152 | D:5      | Noticed Pikel
  4164 | D:5      | Reached skill level 5 in Long Blades
  4171 | D:5      | Killed Pikel
  4172 | D:5      | Reached skill level 5 in Fighting
  4172 | D:5      | Reached skill level 5 in Shields
  4172 | D:5      | Reached XP level 7. HP: 24/61 MP: 6/6
  4414 | D:5      | Reached XP level 8. HP: 70/70 MP: 7/7
  4509 | D:5      | Found a staircase to the Ecumenical Temple.
  4521 | Temple   | Entered the Ecumenical Temple
  4549 | Temple   | Became a worshipper of Warmaster Okawaru
  4619 | D:5      | Noticed Menkaure
  4626 | D:5      | Killed Menkaure
  5174 | D:4      | Killed Crazy Yiuf
  5266 | D:6      | Reached skill level 6 in Shields
  5532 | D:6      | Reached * piety under Okawaru
  5639 | D:6      | Reached skill level 5 in Maces & Flails
  6173 | D:7      | Reached skill level 7 in Shields
  6173 | D:7      | Reached XP level 9. HP: 58/78 MP: 8/8
  6668 | D:7      | Noticed Joseph
  6672 | D:7      | Paralysed by Joseph for 4 turns
  6678 | D:7      | Paralysed by Joseph for 7 turns
  6690 | D:7      | Killed Joseph
  6690 | D:7      | Reached ** piety under Okawaru
  7133 | D:8      | Found a shimmering blue altar of Sif Muna.
  7329 | D:8      | Noticed Harold
  7335 | D:8      | Killed Harold
  7336 | D:8      | Reached skill level 8 in Shields
  7337 | D:8      | Reached skill level 1 in Stealth
  7504 | D:8      | Noticed Grum
  7510 | D:8      | Reached *** piety under Okawaru
  7517 | D:8      | Killed Grum
  7548 | D:8      | Reached XP level 10. HP: 84/86 MP: 9/9
  7614 | D:8      | Reached **** piety under Okawaru
  7615 | D:8      | Reached skill level 9 in Shields
  7772 | D:8      | Noticed a gargoyle
  7780 | D:8      | Killed a gargoyle
  8340 | D:9      | Found Gyfenlike's General Store.
  8349 | D:9      | Reached skill level 10 in Maces & Flails
  8539 | D:9      | Found Amunnup's Jewellery Shoppe.
  8552 | D:9      | Identified the +3 scimitar "Puzoonuh" {drain, Contam rN++}
  8572 | D:9      | Found a staircase to the Lair.
  8583 | D:9      | Reached ***** piety under Okawaru
  8616 | D:9      | Found Pud Siedene's Antique Weapon Boutique.
  8693 | D:9      | Found a flagged portal.
  8702 | Bailey   | Entered a bailey
  9189 | Bailey   | Reached XP level 11. HP: 69/95 MP: 8/10
  9347 | Bailey   | Reached skill level 10 in Shields
  9506 | Bailey   | Received a gift from Okawaru
 10550 | D:9      | Bought an encrusted long sword for 204 gold pieces
 10550 | D:9      | Identified the +3 long sword of Abutug {freeze, *Rage rN+
                  | Str+8} (You bought it in a shop on level 9 of the Dungeon)
 10553 | D:9      | Bought a masterwork scimitar for 216 gold pieces
 10553 | D:9      | Identified the +11 scimitar "Spiderbane" {vorpal, Fly Will-
                  | SInv} (You bought it in a shop on level 9 of the Dungeon)
 10755 | D:10     | Entered Level 10 of the Dungeon
 10755 | D:10     | Noticed a two-headed ogre
 10759 | D:10     | Killed a two-headed ogre
 10760 | D:10     | Reached skill level 10 in Armour
 10806 | D:10     | Noticed a two-headed ogre
 10811 | D:10     | Killed a two-headed ogre
 10900 | D:10     | Reached skill level 11 in Shields
 10943 | D:10     | Found a staircase to the Orcish Mines.
 11932 | D:11     | Found Hylakur's Distillery.
 11974 | D:11     | Found a large runed translucent door.
 12051 | D:9      | Bought a pitted long sword for 204 gold pieces
 12051 | D:9      | Identified the +7 long sword of Balance {protect, Int+10}
                  | (You bought it in a shop on level 9 of the Dungeon)
 12512 | D:11     | Reached ****** piety under Okawaru
 12799 | D:11     | Found a large runed translucent door.
 12800 | D:11     | Found a large runed translucent door.
 12807 | D:11     | Noticed a boulder beetle
 12807 | D:11     | Noticed a red ugly thing
 12819 | D:11     | Found a large runed translucent door.
 12873 | D:11     | Noticed a boulder beetle
 12879 | D:11     | Noticed a rakshasa
 12905 | D:11     | Killed a rakshasa
 12905 | D:11     | Identified the +12 eveningstar of Grace {freeze, rElec rN+
                  | Will- Str+5} (Okawaru gifted it to you on level 11 of the
                  | Dungeon)
 12905 | D:11     | Received a gift from Okawaru
 12906 | D:11     | Reached skill level 12 in Shields
 12906 | D:11     | Reached XP level 12. HP: 77/106 MP: 11/11
 12917 | D:11     | Killed a boulder beetle
 13329 | D:11     | Killed a boulder beetle
 13420 | D:11     | Noticed a two-headed ogre
 13530 | D:11     | Killed a two-headed ogre
 13531 | D:11     | Reached skill level 10 in Fighting
 13531 | D:11     | Reached skill level 10 in Long Blades
 13899 | Lair:1   | Entered Level 1 of the Lair of Beasts
 14228 | Lair:1   | Noticed a six-headed hydra
 14240 | Lair:1   | Killed a six-headed hydra
 14918 | Lair:2   | Reached skill level 1 in Short Blades
 15250 | Lair:3   | Noticed a six-headed hydra
 15266 | Lair:3   | Killed a six-headed hydra
 15266 | Lair:3   | Received a gift from Okawaru
 15668 | Lair:3   | Reached skill level 13 in Shields
 15846 | Lair:3   | Noticed Urug
 15900 | Lair:3   | Reached skill level 1 in Invocations
 15915 | Lair:3   | Killed Urug
 16048 | Lair:3   | Identified the +4 hand crossbow of Corruption {elec, rC++}
                  | (Okawaru gifted it to you on level 3 of the Lair of Beasts)
 16048 | Lair:3   | Received a gift from Okawaru
 16969 | D:12     | Found a frozen archway.
 16976 | D:12     | Noticed Sonja
 16986 | IceCv    | Entered an ice cave
 17695 | IceCv    | Reached XP level 13. HP: 94/116 MP: 13/13
 18154 | IceCv    | HP: 3/116 [death yak (16)]
 18578 | IceCv    | Reached skill level 14 in Shields
 19436 | IceCv    | Identified the +4 ring mail of the Eternal Void {rElec
                  | Str+3 Dex+4}
 19498 | D:12     | Noticed Psyche
 19510 | D:12     | Cast into level 2 of the Abyss (Sonja)
 19518 | Abyss:2  | Found a corrupted altar of Lugonu.
 19622 | Abyss:2  | Noticed an ancient lich
 19631 | Abyss:2  | Killed from afar by an ancient lich

Illustrated notes

Levels and vault maps discovered:
D:1:      dpeg_arrival_morbid_curiosity, layout_basic,
          shapermc_ecumenical_altar_hornbeckon
D:2:      layout_basic
D:3:      layout_loops_corners, chequers_serial_rivers_micro_b
D:4:      layout_loops_corners, uniq_crazy_yiuf_cottage
D:5:      layout_loops_ring, minmay_temple_entry_grid,
          hangedman_abyss_or_decor_stagger, uniq_menkaure, uniq_pikel
D:6:      layout_cave_pools
D:7:      layout_basic, uniq_joseph
D:8:      layout_loops_ring, led_sif_pool, uniq_harold, uniq_grum
D:9:      layout_basic, david_lair_shrubbed, serial_shops,
          nicolae_lakefront_shop, nicolae_shop_advertising_works
          [nicolae_subvault_shop_adworks], nicolae_inconvenience_store,
          enter_bailey_3
D:10:     layout_roguey, hiddenorc2_lemuel
D:11:     layout_cave_pools, serial_shops, nicolae_diamond_shop,
          minmay_hollow_rounded_squares
D:12:     layout_big_octagon, portal_ice_cave_entry_imps, minivault_14,
          lemuel_freeze_loot_1, uniq_frances, uniq_sonja, uniq_psyche
Temple:   compressed_dpeg_circular_temple
Lair:1:   layout_roguey, eino_small_chamber_without_monster, grunt_megastairs_4
Lair:2:   layout_roguey
Lair:3:   layout_layer_cave, st_stairs_6, uniq_urug
Abyss:2:  base:
D:9

Skill      XL: |  1  2  3  4  5  6  7  8  9 10 11 12 13 |
---------------+----------------------------------------+-----
Armour         | 4 5 6 7 8 9 10 11 12 | 12.3
Fighting       | 4 5 6 7 8 9 11 | 11.5
Shields        | 4 5 7 8 9 12 13 14 | 14.2
Long Blades    | 3 4 6 9 11 12 | 12.7
Dodging        | 1 2 3 |  3.6
Maces & Flails | 2 6 8 11 | 11.9
Stealth        | 1 |  1.2
Short Blades   | 1 |  1.6
Invocations    | 1 |  1.8
Evocations     | |  0.2

Action                   |  1- 3 |  4- 6 |  7- 9 | 10-12 | 13-15 || total
-------------------------+-------+-------+-------+-------+-------++-------
Melee: Long sword        |    95 |    60 |       |   389 |    90 ||   634
       Headbutt          |    11 |    16 |    34 |   196 |    46 ||   303
       Mace              |       |    25 |   169 |   217 |       ||   411
       Scimitar          |       |       |       |   136 |    98 ||   234
       Short sword       |       |       |       |    18 |       ||    18
Invok: Heroism           |       |       |       |    11 |     9 ||    20
Evoke: Wand              |       |       |       |     2 |       ||     2
  Use: Potion            |       |     2 |       |     1 |     4 ||     7
       Scroll            |       |       |       |    23 |     2 ||    25
Armor: Scale mail        |    57 |    30 |       |       |       ||    87
       Chain mail        |       |    13 |    82 |    80 |       ||   175
       Plate armour      |       |       |       |    12 |       ||    12
       Crystal plate arm |       |       |       |   430 |   121 ||   551
Dodge: Dodged            |    48 |    25 |    61 |   212 |    50 ||   396
Block: Buckler           |    19 |     5 |       |       |       ||    24
       Kite shield       |       |    27 |   103 |   582 |   150 ||   862
